 Dungeon Crawl Stone Soup version 0.16-a0-309-g112360f (webtiles) character file.

79 Qrupt the Chiller (level 4, -9/24 HPs)
             Began as a Deep Elf Ice Elementalist on Aug 31, 2014.
             Mangled by Oper80's ghost (13 damage)
             ... on Level 3 of the Dungeon.
             The game lasted 00:07:13 (2527 turns).

Qrupt the Chiller (Deep Elf Ice Elementalist)       Turns: 2527, Time: 00:07:13

HP  -9/24        AC  4     Str  5      XL: 4   Next: 16%
MP   1/15        EV 13     Int 26      God:
Gold 74          SH  0     Dex 15      Spells:  3 memorised,  6 levels left

rFire  . . .     SeeInvis .     (no weapon)
rCold  . . .     Clarity  .     a - +0 robe
rNeg   . . .     rCorr    .     (no shield)
rPois  .         rRot     .     (no helmet)
rElec  .         Spirit   .     r - +0 cloak
SustAb .         Warding  .     p - +0 pair of gloves
rMut   .         Stasis   .     (no boots)
Gourm  .                        (no amulet)
MR     .....                    (no ring)
                                (no ring)

@: confused, brilliant, slowed, glowing, very slow, not resistant to hostile
enchantments, very unstealthy
A: no striking features
a: no special abilities


You were on level 3 of the Dungeon.
You were not hungry.

You visited 1 branch of the dungeon, and saw 3 of its levels.

You collected 74 gold pieces.

Inventory:

Armour
 a - a +0 robe (worn)
 p - a +0 pair of gloves (worn)
 r - a +0 cloak (worn)
Comestibles
 c - 5 bread rations
 f - 2 beef jerkies
 o - 2 rotting chunks of hobgoblin flesh
Scrolls
 i - 2 scrolls of identify {unknown}
 j - a scroll of amnesia {unknown}
 k - 2 scrolls of teleportation {unknown}
 n - a scroll of enchant weapon {unknown}
 q - 2 scrolls of recharging {unknown}
Potions
 d - a potion of restore abilities {unknown}
 e - a potion of heal wounds {unknown}
 g - a potion of brilliance
 h - a potion of might
Books
 b - a book of Frost

   Spells                             Type                      Level
   *Freeze                            Ice                          1
   *Throw Frost                       Conjuration/Ice              2
   *Ozocubu's Armour                  Charms/Ice                   3
   Throw Icicle                       Conjuration/Ice              4
   Summon Ice Beast                   Ice/Summoning                4
   Condensation Shield                Ice                          4
 m - a book of Wizardry

   Spells                             Type                      Level
   Agony                              Necromancy                   5
   Force Lance                        Conjuration                  5
   Dispersal                          Translocation                6
   Haste                              Charms                       6
   Invisibility                       Hexes                        6
   Spellforged Servitor               Conjuration/Summoning        7


   Skills:
 - Level 2.4 Dodging
 - Level 2.4 Stealth
 + Level 4.6 Spellcasting
 - Level 1.1 Conjurations
 + Level 4.6 Ice Magic


You had 6 spell levels left.
You knew the following spells:

 Your Spells              Type           Power        Failure   Level  Hunger
a - Freeze                Ice            ####         1%          1    None
b - Throw Frost           Conj/Ice       #####.       1%          2    None
c - Ozocubu's Armour      Chrm/Ice       ####....     1%          3    ##.....


Dungeon Overview and Level Annotations

Branches:
Dungeon (3/15)

Altars:

Annotations:
D:3 Oper80's ghost, average FoAM


Message History

You don't have enough magic to cast that spell.
Casting: Throw Frost
Confirm with . or Enter, or press ? or * to list all spells.
Aiming: Freeze
Press: ? - help, Shift-Dir - straight line, f/p - Oper80's ghost
Aim: Oper80's ghost (heavily damaged)
You freeze Oper80's ghost.
Oper80's ghost is severely damaged.
Oper80's ghost hits you!
Ouch! That really hurt!
* * * LOW HITPOINT WARNING * * *
Oper80's ghost misses you.
Drink which item? (? for menu, Esc to quit)
You feel clever all of a sudden.
It was a potion of brilliance.
Oper80's ghost closely misses you.
Drink which item? (? for menu, Esc to quit)
You are confused.
It was a potion of confusion.
Oper80's ghost hits you!
Ouch! That really hurt!
You die...

###### #.@W.#
#.##.# #.##.####
#.##....# #.#####.#
#.#...#.####
#.#.#.#....#
#.#<#.#....########
#.....#...%>...)...


You could see Oper80's ghost.

Vanquished Creatures
  An adder (D:2)
  3 worms
  2 giant geckos
  A ball python (D:2)
  8 bats
  5 giant cockroaches
  6 goblins
  3 hobgoblins
  7 kobolds
  A quokka (D:2)
  A giant newt (D:1)
  8 rats
46 creatures vanquished.

Notes
Turn   | Place    | Note
--------------------------------------------------------------
     0 | D:1      | Qrupt, the Deep Elf Ice Elementalist, began the quest for the Orb.
     0 | D:1      | Reached XP level 1. HP: 10/10 MP: 5/5
   400 | D:1      | Reached XP level 2. HP: 10/15 MP: 4/8
  1062 | D:2      | Reached skill level 4 in Ice Magic
  1134 | D:2      | Reached XP level 3. HP: 16/19 MP: 5/11
  1488 | D:2      | Learned a level 2 spell: Throw Frost
  1492 | D:2      | Learned a level 3 spell: Ozocubu's Armour
  2275 | D:3      | Reached XP level 4. HP: 24/24 MP: 2/15
  2458 | D:3      | Noticed Oper80's ghost (average FoAM)
  2527 | D:3      | Mangled by Oper80's ghost

Action                   |  1- 3 |  4- 6 || total
-------------------------+-------+-------++-------
Melee: Unarmed           |     6 |       ||     6
 Cast: Freeze            |    63 |     9 ||    72
       Throw Frost       |     8 |     9 ||    17
       Ozocubu's Armour  |     1 |       ||     1
  Use: Potion            |       |     2 ||     2
  Eat: Chunk             |     4 |     1 ||     5
